 Dungeon Crawl Stone Soup version 0.22-a0-443-g17c3723 (webtiles) character file.

101 Gorglomux the Chopper (level 4, -3/28 HPs)
             Began as a Gargoyle Fighter on June 1, 2018.
             Slain by Sigmund
             ... wielding a +0 scythe
              (9 damage)
             ... on level 2 of the Dungeon.
             The game lasted 00:00:44 (1716 turns).

Gorglomux the Chopper (Gargoyle Fighter)            Turns: 1716, Time: 00:00:44

Health: -3/28      AC: 10    Str: 23    XL:     4   Next: 75%
Magic:  4/4        EV:  7    Int:  9    God:
Gold:   151        SH:  9    Dex:  9    Spells: 3/3 levels left

rFire    . . .     SeeInvis .   a - +0 war axe
rCold    . . .     Gourm    .   c - +0 shield
rNeg     + . .     Faith    .   b - +0 scale mail
rPois    ∞         Spirit   .   (no helmet)
rElec    +         Reflect  .   (no cloak)
rCorr    .         Harm     .   (no gloves)
MR       .....                  (no boots)
Stlth    ..........             (no amulet)
HPRegen  0.09/turn              q - +3 ring of strength
MPRegen  0.09/turn              (no ring)

@: hasted, very quick
A: negative energy resistance 1, electricity resistance, unbreathing,
petrification resistance, rot immunity, AC +3
a: no special abilities


You were on level 2 of the Dungeon.
You were not hungry.

You visited 1 branch of the dungeon, and saw 2 of its levels.

You collected 151 gold pieces.

Inventory:

Hand Weapons
 a - a +0 war axe (weapon)
Missiles
 Z - 2 throwing nets (quivered)
Armour
 b - a +0 scale mail (worn)
 c - a +0 shield (worn)
Jewellery
 q - a +3 ring of strength (left hand)
Wands
 A - a wand of acid (13)
Scrolls
 m - a scroll of amnesia {unknown}
 n - 2 scrolls of identify {unknown}
 B - a scroll of fear {unknown}
 X - a scroll of magic mapping {unknown}
 Y - a scroll of blinking {unknown}
Potions
 d - a potion of might
 g - 2 potions of haste
 i - a potion of heal wounds {unknown}
 k - a potion of brilliance {unknown}
 l - a potion of flight {unknown}
 p - 2 potions of curing {unknown}
 C - a potion of magic {unknown}
 W - 2 potions of ambrosia {unknown}
Comestibles
 f - 5 rations
 D - 4 chunks of flesh


   Skills:
 - Level 3.2 Fighting
 + Level 4.3 Axes
 - Level 3.2 Armour
 - Level 3.2 Shields


You had 3 spell levels left.
You didn't know any spells.
Your spell library was empty.

Dungeon Overview and Level Annotations

Branches:
Dungeon (2/15)

Altars:

Annotations:
D:2 Sigmund


Innate Abilities, Weirdness & Mutations

You are resistant to torment.
Your stone body is resilient. (AC +3)
You are immune to poison.
You resist negative energy. (rN+)
You are resistant to electric shocks. (rElec)
You can survive without breathing.
You are immune to petrification.
You are immune to rotting.


Message History

Unknown command!
You are too confused!!!
You are too confused!!!
You are too confused!!!
You are butt confused!!!
You miss something! Something hits you!
Unknown command!
Unknown command!
You completely miss something! Something butts you but does no damage!
Unknown command!
It butts a potion of haste!
You feel yourself speed up!
You feel less confused! Something hits you but does no damage!
You carve something like a ham! You carve something but do no damage!
Something hits you! * * * don't die
* * * You butt too injured to fight recklessly!!!
You closely butts something! You barely miss something!
Something hits you!!! rip

### #.. #.##
########## #....
##.........
#{##...#....######
#@##...#....#
#.##...#....#
#.##<..#....#
#.#.........#
#.#.......###
#.#.......#
#.#......## ###
#.#......#######..
#.#......##....'..


There were no monsters in sight!

Vanquished Creatures
  An adder (D:2)
  4 gnolls
  A worm (D:2)
  A dart slug (D:1)
  2 leopard geckos
  4 ball pythons (D:1)
  6 giant cockroaches
  4 goblins
  2 hobgoblins
  3 jackals (D:1)
  2 quokkas (D:2)
  5 bats
  3 frilled lizards
  6 kobolds
  A rat (D:2)
45 creatures vanquished.

Notes
Turn   | Place    | Note
-------+----------+-------------------------------------------
     0 | D:1      | Gorglomux the Gargoyle Fighter began the quest for the Orb.
     0 | D:1      | Reached XP level 1. HP: 14/14 MP: 1/1
    52 | D:1      | Reached skill level 2 in Axes
   147 | D:1      | Reached XP level 2. HP: 11/19 MP: 2/2
   450 | D:1      | Reached skill level 3 in Axes
   450 | D:1      | Reached XP level 3. HP: 9/23 MP: 3/3
  1057 | D:2      | Reached XP level 4. HP: 27/28 MP: 4/4
  1259 | D:2      | Reached skill level 4 in Axes
  1694 | D:2      | Noticed Sigmund
  1716 | D:2      | Slain by Sigmund

Vault maps used:
D:1:      roderic_octagonal_star, minmay_shallow_snake_nest
D:2:      kennysheep_six_static_rooms, uniq_sigmund

Skill      XL: |  1  2  3  4 |
---------------+-------------+-----
Axes           | 2 3 4 |  4.3
Fighting       | |  3.2
Armour         | |  3.2
Shields        | |  3.2

Action                   |  1- 3 |  4- 6 || total
-------------------------+-------+-------++-------
Melee: War axe           |   102 |    48 ||   150
  Use: Potion            |       |     1 ||     1
  Eat: Chunk             |     1 |     2 ||     3
Armor: Scale mail        |    64 |    37 ||   101
Dodge: Dodged            |    51 |    14 ||    65
Block: Shield            |    62 |    26 ||    88

Table legend:
 A = Spawn XP
 B = Non-spawn XP
 C = Spawn XP percentage of total XP
 D = Spawn monster count
 E = Non-spawn monster count
 F = Spawn count percentage of total count
 G = Total turns spent on level
                    A         B        C        D         E        F      G
               +---------+---------+-------+---------+---------+-------+---------
         Total |       0 |     145 |   0.0 |       0 |      45 |   0.0 |  1716
               +---------+---------+-------+---------+---------+-------+---------
           D:1 |       0 |      53 |   0.0 |       0 |      23 |   0.0 |   894
           D:2 |       0 |      92 |   0.0 |       0 |      22 |   0.0 |   822
               +---------+---------+-------+---------+---------+-------+---------
